← All builds
Tech / Armada / Economy first / OBSERVED BUILD

Standard tech

Armada Tech (Eco) build order · Supreme Isthmus

Rushes T2 by 4:15, gets Advanced Metal Extractor around 5:28, hands off T2 constructors to Geo and the team, then scales eco and supplies the team's T2 needs through the rest of the game.

Usually first T2 con to Geo (83%)

#eco #t2 #team support · 1580 distinct matches · 252 players · 60% of Armada Tech games · team won 53% of 1886 · Recently observed

HOW TO PLAY IT

Key timing: T2 factory by 4:15

  1. Open 3 mex and heavy wind to fund a fast T2 rush.
  2. Put down Bot Lab, planning to eat it for reclaim soon after.
  3. Get Advanced Bot Lab up, hitting the T2 factory rush timing.
  4. Upgrade mex to Advanced Metal Extractor to lock in team metal income.
  5. Eat Advanced Bot Lab and keep sending cons to Geo and Pond.

Phase by phase

TYPICAL OF ITS 1580 GAMES
  1. 1
  2. 2
  3. 3
  4. 4
PLAY THE OPENING

Follow the example game's first 6:00 step by step: what to build now, what comes next, and where it goes. At 1× it keeps pace with your own game.

  1. 1

    Up to the Bot Lab

    Economy
    • Metal Extractor3Mex
    • Wind Turbine4Wind
    Order
    1. Bot LabBot Lab after 3 mex, 4 winddone ~1:18, middle half 1:13–1:32

    Some games also: energy storage (31%)

    By 1:01 in all: 3 mex · 4 wind

    The example game in this phase · 3 steps
    1. Mex ×3
    2. Wind ×4
    3. Bot LabBot Labdone 1:14 · typical 1:18
  2. 2

    Bot Lab to Advanced Bot Lab

    Economy
    • Metal Extractor1Mex
    • Wind Turbine8Wind
    • Energy Storage1Energy storage
    Order
    1. Advanced Bot LabAdvanced Bot Lab after 4 mex, 12 wind, 3 con turretdone ~4:16, middle half 4:04–4:30
    Builders
    • Construction Turret3 Con turret
    • Lazarus3 Lazarus
    • Construction Bot2 Con bot
    • Construction Bot1 Con bot for allies

    Some games also: converter (36%)

    By 3:18 in all: 4 mex · 12 wind · 1 energy storage · 3 con turret

    The example game in this phase · 17 steps
    1. LazarusLazarus
    2. Wind ×4
    3. Construction BotCon bot
    4. Wind
    5. LazarusLazarus
    6. Construction BotCon bot
    7. Mex
    8. LazarusLazarus
    9. Con turret
    10. LazarusLazarus
    11. Wind ×2
    12. Con turret
    13. Wind ×2
    14. Con turret
    15. Wind ×2
    16. Energy storage
    17. Advanced Bot LabAdvanced Bot Labdone 4:20 · typical 4:16
  3. 3

    Advanced Bot Lab to 5:00

    Economy
    • Wind Turbine3Wind
    Order
    1. Bot LabEat Bot Lab
    Builders
    • Advanced Construction Bot1 T2 con bot for allies

    Some games also: converter (35%)

    By 5:00 in all: 4 mex · 15 wind · 1 converter · 1 energy storage · 3 con turret

    The example game in this phase · 6 steps
    1. Bot LabEat Bot Labreclaimed for its metal
    2. Wind ×6
    3. Advanced Construction BotT2 con botfor Geo
    4. Wind
    5. Advanced Metal ExtractorT2 mexdone 5:21 · typical 5:28
    6. Converter
  4. 4

    5:00 to 10:00

    Economy
    • Wind Turbine43Wind
    • Energy Converter6Converter
    Builders
    • Butler9 Butler
    • Advanced Construction Bot4 T2 con bot for allies
    • Advanced Construction Bot1 T2 con bot

    Some games also: con turret (43%) · Butler for allies (37%)

    By 10:00 in all: 4 mex · 58 wind · 8 converter · 1 energy storage · 3 con turret

    The example game in this phase · 189 steps
    1. Converter
    2. Advanced Construction BotT2 con botfor Beach sea
    3. Advanced Metal ExtractorT2 mex
    4. Converter
    5. Advanced Metal ExtractorT2 mex
    6. Advanced Construction BotT2 con botfor Air
    7. Converter
    8. Wind ×2
    9. ButlerButler
    10. Advanced Metal ExtractorT2 mex
    11. Wind
    12. Advanced Construction BotT2 con botfor Geo sea
    13. ButlerButlerfor Geo sea
    14. Wind
    15. ButlerButlerfor Geo sea
    16. Wind ×2
    17. Advanced Construction BotT2 con botfor Beach sea
    18. Wind
    19. ButlerButler ×2
    20. Advanced Construction BotT2 con botfor Pond
    21. Wind ×5
    22. UmbrellaAnti-nukenot finished by 15:00
    23. Wind ×2
    24. ButlerButler
    25. Wind ×3
    26. ButlerButler
    27. Wind ×2
    28. ButlerButler
    29. Wind ×2
    30. ButlerButler
    31. Wind ×2
    32. ButlerButler
    33. Wind ×2
    34. ButlerButler
    35. Wind ×9
    36. Converter
    37. ButlerButler
    38. Wind ×2
    39. ButlerButler
    40. Wind
    41. Converter
    42. Wind
    43. UmbrellaAnti-nuke
    44. Wind
    45. Converter
    46. Wind ×2
    47. Energy storage
    48. Wind ×2
    49. Converter
    50. Wind ×5
    51. Converter
    52. Wind ×6
    53. Solar
    54. Wind ×2
    55. Converter
    56. Wind ×8
    57. Converter
    58. Wind ×8
    59. Solar
    60. Wind
    61. Converter
    62. Wind ×8
    63. Converter
    64. Wind ×5
    65. Converter
    66. Solar
    67. Wind ×5
    68. Converter
    69. Wind ×4
    70. Converter
    71. Wind ×4
    72. Energy storage
    73. Wind ×2
    74. Converter
    75. Wind ×2
    76. Metal storage
    77. Wind ×3
    78. Converter
    79. Wind
    80. Con turret
    81. Wind ×4
    82. Converter
    83. Wind
    84. Con turret
    85. Wind ×3
    86. Converter
    87. Wind ×3
    88. Con turret
    89. Wind ×3
    90. Aircraft PlantAircraft Plantdone 12:25
    91. Converter
    92. Wind ×3
    93. Construction AircraftCon aircraft
    94. Wind ×3
    95. Converter
    96. Wind ×4
    97. Converter
    98. Wind
    99. ButlerButler
    100. Wind ×5
    101. Converter
    102. ButlerButler
    103. Wind ×3
    104. ButlerButler
    105. Wind
    106. Converter
    107. Wind
    108. ButlerButler
    109. Wind ×3
    110. Advanced Aircraft PlantAdvanced Aircraft Plantdone 13:36
    111. Wind
    112. Converter
    113. Wind
    114. Converter
    115. Wind ×3
    116. Converter
    117. Wind ×5
    118. Converter
    119. Wind ×2
    120. Advanced Bot LabEat Advanced Bot Labreclaimed for its metal
    121. Wind ×3
    122. Converter ×2
    123. Wind ×6
    124. Converter
    125. FalconFighter
    126. Wind ×5
    127. Converter
    128. LicheLichedone 14:27
    129. FalconFighter
    130. Wind ×4
    131. Converter ×3
    132. Wind
    133. FalconFighter
    134. Wind ×2
    135. Converter
    136. Wind ×2
    137. Converter
    138. FalconFighter
    139. Wind
    140. Converter
    141. Wind ×2
    142. Converter
    143. Wind
    144. FalconFighter
    145. Wind
    146. Converter ×2
    147. Wind ×3
    148. Aircraft PlantEat Aircraft Plantreclaimed for its metal
    149. Wind
    150. Converter ×2
    151. Wind
    152. Converter
    153. Wind ×2
    154. Converter
    155. Wind ×3
    156. Converter
    157. Wind
    158. Converter
    159. Wind ×4
    160. Converter ×2
    161. Wind ×5
    162. Converter ×2
    163. OracleOracle
    164. Wind
    165. Converter
    166. Wind ×2
    167. Converter
    168. Wind
    169. Converter
    170. Wind ×3
    171. Converter
    172. Wind
    173. HighwindHighwind
    174. Converter ×2
    175. Wind
    176. Converter
    177. Wind ×5
    178. HighwindHighwind
    179. Converter ×3
    180. Wind ×3
    181. Converter
    182. Wind
    183. HighwindHighwind
    184. Converter
    185. Wind ×2
    186. Converter
    187. Wind ×2
    188. Converter
    189. HighwindHighwind

Counts are medians over the build's games: half of them build more, half fewer. The example game is Ball00n's (30 OS, 11/10/2026); pick another.

Team trades

IN AT LEAST 30% OF ITS GAMES

You hand over

  • Construction Bot1 Con bot to Airfirst at 2:23 · in 84% of games
  • Advanced Construction Bot5 T2 con bot to Air or Pond or Geo seafirst at 4:50 · in 99% of games
  • Butler2 Butler to Geo sea or Beach sea or Pondfirst at 9:06 · in 43% of games

You get

  • Hercules1 Light transport from Airfirst at 4:01 · in 86% of games

How it plays out

Typical game of this build, running totals by minute

Metal produced

020k40k
0:005:0010:0015:00

metal

Enemy metal destroyed

050100150
0:005:0010:0015:00

metal

Own metal lost

050100150
0:005:0010:0015:00

metal

1886 games.

Show as table
ByMetal produced: This buildEnemy metal destroyed: This buildOwn metal lost: This build
1:0038300
2:0091500
3:00165200
4:00314400
5:00484800
6:00580200
7:00723200
8:00906400
9:001117700
10:001351300
11:001624200
12:001965600
13:002342600
14:0027286074
15:0031503110130
WHAT THE NUMBERS SAY

Standard Tech play barely fights at all early, instead pouring metal into T2 infrastructure and constructors for the team.

  • + Metal produced hits 31679 by 15:00, by far the highest of any role here.
  • + T2 factory reached in 97% of games by 4:15, fastest and most reliable T2 timing.
  • − Enemy metal destroyed stays at 0 through 10:00, no early offense at all.
  • − Own metal lost also near 0, showing total avoidance of combat risk.
THE EXAMPLE YOU ARE READING

Ball00n

30.4 OS · 11/10/2026

Open source match ↗

1 received units
2343 metal received · 30861 energy received

Allied construction assistance is unknown. Timings are observations, not a promise of solo reproducibility.

Typical milestones

Bot Lab1:18Middle 50%: 1:13–1:32 · n=1886
Advanced Bot Lab4:16Middle 50%: 4:04–4:30 · n=1879
Advanced Metal Extractor5:28Middle 50%: 5:05–5:59 · n=1882

Played most by

Amrissa96games of this buildTheGeneraI70games of this buildAdeus57games of this buildEl_Turco54games of this buildKOT_44games of this build
Standard tech · Armada Tech (Eco) build order · BAR Build Atlas